 Dungeon Crawl Stone Soup version 0.31-a0-1-g4198be8af4 (webtiles) character file.

Game seed: 8336874506337789363

633 greprep the Shooter (level 7, -16/42 HPs)
             Began as a Kobold Hexslinger on Oct 13, 2020.
             Killed by divine providence
             ... invoked by an orc priest
              (17 damage)
             ... on level 4 of the Dungeon on May 2, 2023.
             The game lasted 00:23:43 (4510 turns).

greprep the Shooter (Kobold Hexslinger)             Turns: 4510, Time: 00:23:43

Health: -16/42     AC:  2    Str:  7    XL:     7   Next: 78%
Magic:  9/9        EV: 16    Int: 14    God:
Gold:   182        SH:  0    Dex: 18    Spells: 8/9 levels left

rFire   . . .        a - +0 hand crossbow
rCold   . . .        (no shield)
rNeg    . . .        e - +0 robe
rPois   .            (no helmet)
rElec   .            (no cloak)
rCorr   .            (no gloves)
SInv    .            (no boots)
Will    .....        (no amulet)
Stlth   +++          (no ring)
HPRegen 0.27/turn    (no ring)
MPRegen 0.11/turn

%: no passive effects
@: no status effects
A: small, no large weapons, nightstalker 3
a: no special abilities


You were on level 4 of the Dungeon.
You visited 1 branch of the dungeon, and saw 4 of its levels.

You collected 182 gold pieces.

Inventory:

Hand Weapons
 a - a +0 hand crossbow (weapon)
 l - a +0 hand crossbow
 r - a +2 falchion of holy wrath
 s - a +0 vampiric whip
Missiles
 b - 145 stones
 d - 18 bolts
 k - 11 poisoned darts
Armour
 e - a +0 robe (worn)
 n - a +0 leather armour
Jewellery
 c - a ring of obsoleteness
Scrolls
 f - a scroll of noise {unknown}
 g - 3 scrolls of identify {unknown}
 h - a scroll of fear {unknown}
 m - 2 scrolls of magic mapping {unknown}
 o - a scroll of enchant weapon {unknown}
 t - a scroll of blinking {unknown}
Potions
 i - a potion of cancellation {unknown}
 j - a potion of mutation {unknown}
 p - a potion of curing {unknown}
 q - a potion of berserk rage {unknown}


   Skills:
 + Level 3.9 Fighting
 + Level 0.9 Long Blades
 + Level 7.3 Ranged Weapons
 + Level 4.0 Dodging
 + Level 2.5 Stealth
 + Level 1.6 Spellcasting
 + Level 3.7 Hexes


You had 8 spell levels left.
You knew the following spells:

 Your Spells              Type           Power      Damage    Failure   Level
a - Corona                Hex            11%        N/A       5%          1

Your spell library contained the following spells:

 Spells                   Type           Power      Damage    Failure   Level
 Slow                     Hex            44%        N/A       5%          1
 Inner Flame              Hex/Fire       6%         N/A       34%         3
 Portal Projectile        Hex/Tloc       12%        N/A       34%         3
 Cause Fear               Hex            5%         N/A       47%         4
 Leda's Liquefaction      Hex/Erth       3%         N/A       75%         4


Dungeon Overview and Level Annotations

Branches:
Dungeon (4/15)
 Temple: D:4-7

Altars:
Okawaru
Uskayaw


Innate Abilities, Weirdness & Mutations

You are small and have problems with some larger weapons.
You are completely attuned to the shadows.


Message History

Aim: an orc priest, wielding a +0 hand axe (severely wounded, 66% to hit)
You shoot a bolt. The bolt hits the orc priest.
The orc priest is severely wounded.
The orc priest barely misses you.
Fire: a) +0 hand crossbow
Press: ? - help, Q - select action, (/) - cycle Shift-Dir - straight line, f/p - orc priest
Aim: an orc priest, wielding a +0 hand axe (severely wounded, 66% to hit)
You shoot a bolt. The bolt barely misses the orc priest.
The bolt hits the orc!!
You kill the orc!
The orc priest looks satisfied for a moment.
The orc priest misses you.
Fire: a) +0 hand crossbow
Press: ? - help, Q - select action, (/) - cycle Shift-Dir - straight line, f/p - orc priest
Aim: an orc priest, wielding a +0 hand axe (severely wounded, 66% to hit)
You shoot a bolt.
The bolt hits the orc priest but does no damage.
The orc priest is severely wounded.
The orc priest miscasts a cantrip.
Fire: a) +0 hand crossbow
Press: ? - help, Q - select action, (/) - cycle Shift-Dir - straight line, f/p - orc priest
Aim: an orc priest, wielding a +0 hand axe (severely wounded, 66% to hit)
You shoot a bolt. The bolt barely misses the orc priest.
The bolt barely misses the orc.
The orc priest mumbles some strange prayers to Beogh against you.
Beogh smites you!
* * * LOW HITPOINT WARNING * * *
The orc priest closely misses you.
The orc priest attacks as you move away!
The orc priest barely misses you.
Fire: a) +0 hand crossbow
Press: ? - help, Q - select action, (/) - cycle Shift-Dir - straight line, f/p - orc priest
Aim: an orc priest, wielding a +0 hand axe (severely wounded, 66% to hit)
You shoot a bolt. The bolt closely misses the orc priest.
The orc priest attacks as you move away!
The orc priest hits you with a +0 hand axe.
* * * LOW HITPOINT WARNING * * *
The orc priest mumbles some strange prayers to Beogh against you.
Beogh smites you!
You die...

#####.. #oo))..
#.##### #@# #.#
#.# ###.### #.#
.......# #.#
######.#
#####.## #.#
###.......
#.#####........#
#......)..###...


You could see an orc priest and an orc.

Vanquished Creatures
  The ghost of Finra the Cudgeller, an amateur GrFi (D:3)
  An ogre (D:4)
  3 jellies (D:2)
  An orc wizard (D:3)
  Natasha (thrice) (D:2)
  6 adders
  10 endoplasms
  A dart slug (D:1)
  A worm (D:3)
  10 orcs
  A removed leopard gecko (D:2)
  2 giant cockroaches
  6 goblins
  10 hobgoblins
  13 kobolds
  2 quokkas (D:3)
  14 bats
  3 frilled lizards (D:1)
  7 rats
95 creatures vanquished.

Vanquished Creatures (others)
  2 fungi (D:2)
  A plant (D:3)
  6 toadstools (D:2)
9 creatures vanquished.

Grand Total: 104 creatures vanquished

Notes
Turn   | Place    | Note
-------+----------+-------------------------------------------
     0 | D:1      | greprep the Kobold Arcane Marksman began the quest for the
                  | Orb.
     0 | D:1      | Reached XP level 1. HP: 12/12 MP: 2/2
   154 | D:1      | Reached XP level 2. HP: 16/16 MP: 3/3
   313 | D:1      | Reached XP level 3. HP: 20/20 MP: 4/4
  1061 | D:2      | Reached XP level 4. HP: 4/26 MP: 5/5
  1515 | D:2      | Reached XP level 5. HP: 30/30 MP: 6/6
  1555 | D:2      | Reached skill level 5 in Crossbows
  2054 | D:2      | Noticed Natasha
  2065 | D:2      | Killed Natasha
  2065 | D:2      | Reached XP level 6. HP: 27/36 MP: 7/7
  2304 | D:2      | Found an iron altar of Okawaru.
  2381 | D:2      | Noticed Natasha
  2388 | D:2      | Killed Natasha
  2388 | D:2      | Reached skill level 1 in Stealth
  2477 | D:2      | Noticed Natasha
  2482 | D:2      | Killed Natasha
  2940 | D:3      | Found a hide-covered altar of Uskayaw.
  2970 | D:3      | Found a transporter.
  2970 | D:3      | Noticed Finra's ghost (amateur GrFi)
  2987 | D:3      | Found a transporter.
  3788 | D:3      | Reached skill level 7 in Ranged Weapons
  3788 | D:3      | Upgraded the game from 0.26-a0-651-gb41185065b to
                  | 0.30-a0-1094-g860fb061e7
  3788 | D:3      | Upgraded the game from 0.30-a0-1094-g860fb061e7 to
                  | 0.31-a0-1-g4198be8af4
  3961 | D:3      | Reached XP level 7. HP: 30/40 MP: 9/9
  4017 | D:3      | Killed Finra's ghost
  4510 | D:4      | HP: 1/42 [orc priest/+0 hand axe (6)]
  4510 | D:4      | Killed from afar by an orc priest

Illustrated notes

Levels and vault maps discovered:
D:1:      minmay_arrival_split_and_join, layout_basic, minmay_misc_feat_pillars
D:2:      cheibrodos_fertilizer, layout_basic, okawaru_gym_becter, uniq_natasha
D:3:      corexii_shack_village, layout_rooms, eat_drink_and_be_merry_uskayaw,
          gammafunk_ghost_arena, kennysheep_generic_room_12
D:4:      layout_loops_ring, mainiacjoe_overflow_cross_hatched,
          mainiacjoe_overflow_catwalk, nicolae_overflow_hidden_temple,
          uniq_crazy_yiuf_cottage

Skill      XL: |  1  2  3  4  5  6  7 |
---------------+----------------------+-----
Crossbows      | 3 4 5 6 |  0.0
Fighting       | 2 3 |  3.9
Stealth        | 1 2 |  2.5
Dodging        | 3 4 |  4.0
Ranged Weapons | 7 |  7.3
Long Blades    | |  0.9
Spellcasting   | |  1.6
Hexes          | |  3.7

Action                     |  1- 3 |  4- 6 |  7- 9 || total
---------------------------+-------+-------+-------++-------
  Melee: Falchion          |       |     4 |     7 ||    11
   Fire: Hand crossbow     |    52 |   161 |    30 ||   243
   Cast: Corona            |       |     8 |       ||     8
    Use: Potion            |       |       |     1 ||     1
 Armour: Robe              |       |     9 |     3 ||    12
  Dodge: Dodged            |    13 |    86 |    21 ||   120

Table legend: (Time is in decaauts)
 A = Elapsed time spent in this place.
 B = Non-inter-level travel time spent in this place.
 C = Inter-level travel time spent in this place.
 D = Time resting spent in this place.
 E = Time spent auto-exploring this place.
 F = Levels seen in this place.
 G = Mean time per level.
                   A        B        C        D        E       F      G
               +--------+--------+--------+--------+--------+-----+--------+
         Total |   4589 |   4446 |    143 |   1440 |   1443 |   4 | 1147.2 |
       Dungeon |   4589 |   4446 |    143 |   1440 |   1443 |   4 | 1147.2 |
               +--------+--------+--------+--------+--------+-----+--------+

Top non-repeatable levels by time:
     D:2: 2180 daAuts
     D:3: 1511 daAuts
     D:1: 789 daAuts
     D:4: 108 daAuts
